AoeStats
← PiscoCAPEL777

Lombardia

509208038Analyzed
3v3 RM · 6d ago on Sep 25, 2026· 45m 5s· 6 players
Game mode
Random Map
Map size
Normal (6 player)
Population
200
Speed
Normal
Resources
Standard
Victory
Conquest
Starting age
Dark Age
Ending age
Imperial Age
RankedLock teamsTeams togetherTeam positionsShared explorationLock speedFull tech treeHidden civsTurbo modeCheats
Victory
Defeat
🇦🇷 Mongols · Argentina
1044
+9
🇦🇷 Persians · Argentina
930
+14
🇦🇷 Spanish · Argentina
694
+23
🇨🇱 Italians · Chile
915
-17
🇨🇱 Huns · Chile
909
-17
🇨🇱 Vietnamese · Chile
794
-12
PiscoCAPEL777
10:13 Feudal Age
20:56 Castle Age
19:30 Fletching
21:28 Crossbowman
36:48 Imperial Age
39:38 Thumb Ring
40:48 Elite Skirmisher
41:51 Bodkin Arrow
41:56 Padded Archer Armor
Milaneso420
11:51 Feudal Age
13:07 Wheelbarrow
12:20 Double-Bit Axe
12:18 Horse Collar
24:29 Castle Age
23:05 Gold Mining
24:04 Stone Mining
24:54 Forging
24:46 Scale Mail Armor
24:30 Pikeman
29:37 Hand Cart
31:15 Caravan
31:46 Coinage
32:09 Stone Shaft Mining
31:43 Squires
32:40 Town Watch
32:42 Loom
33:05 Heavy Plow
33:43 Bow Saw
47:18 Imperial Age
nicovc00
8:54 Loom
11:32 Feudal Age
15:15 Bloodlines
18:07 Double-Bit Axe
18:04 Horse Collar
20:12 Gold Mining
23:50 Castle Age
22:18 Stone Mining
26:07 Pikeman
29:30 Squires
32:06 Gold Shaft Mining
31:32 Heavy Plow
31:45 Bow Saw
33:15 Wheelbarrow
32:58 Husbandry
33:17 Forging
36:00 Hand Cart
36:41 Ballistics
37:15 Marauders
37:34 Scale Barding Armor
40:52 Caravan
44:23 Imperial Age
Montaraz
3:25 Loom
13:41 Feudal Age
16:09 Scale Barding Armor
18:29 Castle Age
22:04 Gold Mining
22:05 Stone Mining
23:13 Double-Bit Axe
30:11 Stone Shaft Mining
30:58 Forging
30:40 Fletching
30:51 Padded Archer Armor
30:53 Scale Mail Armor
30:59 Scale Barding Armor
32:20 Iron Casting
41:47 Imperial Age
40:20 Husbandry
43:30 Wheelbarrow
42:41 Town Watch
43:47 Chain Barding Armor
[Pepe Saint] Nachorga
10:35 Feudal Age
9:01 Loom
10:47 Feudal Age
16:10 Castle Age
15:02 Double-Bit Axe
14:59 Horse Collar
20:40 Gold Mining
21:01 Bow Saw
20:55 Heavy Plow
27:02 Gold Mining
27:04 Stone Mining
27:52 Wheelbarrow
28:18 Town Watch
28:27 Fletching
29:25 Hand Cart
29:50 Bodkin Arrow
30:40 Padded Archer Armor
32:37 Leather Archer Armor
36:05 Imperial Age
35:08 Leather Archer Armor
35:41 Ballistics
35:32 Masonry
36:36 Bloodlines
36:27 Husbandry
36:33 Thumb Ring
37:18 Bracer
39:45 Chemistry
41:14 Parthian Tactics
41:35 Elite Mangudai
42:27 Scale Barding Armor
42:32 Forging
41:43 Light Cavalry
44:11 Hoardings
43:57 Conscription
43:59 Chain Barding Armor
43:21 Hussar
45:37 Iron Casting
Machete
6:47 Loom
10:25 Feudal Age
17:28 Castle Age
16:16 Horse Collar
23:27 Heavy Plow
23:52 Bloodlines
24:34 Town Watch
27:21 Stone Mining
27:21 Gold Mining
28:21 Husbandry
29:48 Double-Bit Axe
32:09 Wheelbarrow
32:09 Scale Barding Armor
32:14 Forging
32:55 Gold Shaft Mining
33:57 Hand Cart
35:10 Town Patrol
35:24 Bow Saw
38:43 Stone Shaft Mining
38:31 Chain Barding Armor
38:46 Iron Casting
41:10 Thumb Ring
40:26 Crossbowman
44:47 Imperial Age
43:43 Kamandaran
Connection lost

Rejoining the realm…

Still unreachable

The connection could not be restored.

Session expired

The server has moved on; the page needs a fresh start.